 Dungeon Crawl Stone Soup version 0.24-b1 (webtiles) character file.

Game seed: 1033665841162203331, levelgen mode: deterministic

21 Arixos the Charmwright (level 2, -1/15 HPs)
             Began as a Vine Stalker Skald on Oct 13, 2019.
             Slain by a gnoll
             ... wielding a +0 spear
              (6 damage)
             ... on level 2 of the Dungeon.
             The game lasted 00:02:05 (1565 turns).

Arixos the Charmwright (Vine Stalker Skald)         Turns: 1565, Time: 00:02:06

Health: -1/15      AC:  3    Str: 13    XL:     2   Next: 83%
Magic:  0/6        EV: 12    Int: 13    God:
Gold:   102        SH:  0    Dex: 13    Spells: 2/5 levels left

rFire    . . .     SeeInvis .   a - +0 falchion
rCold    . . .     Gourm    .   (no shield)
rNeg     . . .     Faith    .   b - +0 leather armour
rPois    .         Spirit   +   (no helmet)
rElec    .         Reflect  .   (no cloak)
rCorr    .         Harm     .   (no gloves)
MR       .....                  (no boots)
Stlth    +.........             (no amulet)
HPRegen  0.05/turn              (no ring)
MPRegen  0.10/turn              (no ring)

@: no status effects
A: fangs 2, magic shield, antimagic bite, no potion heal 3, rot immunity
a: no special abilities


You were on level 2 of the Dungeon.
You were not hungry.

You visited 1 branch of the dungeon, and saw 2 of its levels.

You collected 102 gold pieces.

Inventory:

Hand Weapons
 a - a +0 falchion (weapon)
Missiles
 j - 5 poisoned darts (quivered)
Armour
 b - a +0 leather armour (worn)
Scrolls
 e - a scroll of identify {unknown}
 f - a scroll of remove curse {unknown}
 i - a scroll of fear {unknown}
Potions
 c - a potion of berserk rage {unknown}
 g - a potion of curing {unknown}
Comestibles
 d - a ration
 h - a chunk of flesh


   Skills:
 + Level 2.0 Fighting
 + Level 1.9 Long Blades
 + Level 1.0 Armour
 + Level 1.8 Dodging
 + Level 0.7 Stealth
 + Level 2.3 Spellcasting
 + Level 3.1 Charms
 + Level 0.2 Translocations


You had 2 spell levels left.
You knew the following spells:

 Your Spells              Type           Power        Failure   Level  Hunger
a - Infusion              Chrm           #...         9%          1    #......
s - Shroud of Golubria    Chrm/Tloc      #.....       24%         2    ###....

Your spell library contained the following spells:

 Spells                   Type           Power        Failure   Level  Hunger
 Song of Slaying          Chrm           #.......     13%         2    ###....
 Regeneration             Chrm/Necr      #.........   43%         3    ###....
 Spectral Weapon          Hex/Chrm       #.......     43%         3    ###....


Dungeon Overview and Level Annotations

Branches:
Dungeon (2/15)

Altars:


Innate Abilities, Weirdness & Mutations

You have extremely sharp teeth.
When hurt, damage is shared between your health and your magic reserves.
Your bite disrupts and absorbs the magic of your enemies.
Potions cannot restore your health.
You are immune to rotting.


Message History

The gnoll shouts!
You hear a shout!
A gnoll comes into view. It is wielding a +0 halberd.
Found 5 poisoned darts.
You see here 5 poisoned darts.
j - 5 poisoned darts
Casting: Shroud of Golubria (safe; 24% risk of failure)
Confirm with . or Enter, or press ? or * to list all spells.
Space distorts slightly along a thin shroud covering your body.
You hit the gnoll. You bite the gnoll, but do no damage.
The gnoll is heavily wounded.
The gnoll hits you with a +0 whip!
Your shroud falls apart!
Casting: Shroud of Golubria (safe; 24% risk of failure)
Confirm with . or Enter, or press ? or * to list all spells.
Space distorts slightly along a thin shroud covering your body.
The gnoll hits you with a +0 whip.
A gnoll comes into view. It is wielding a +0 spear.
The gnoll shouts!
The gnoll hits you from afar with a +0 spear.
You die...

#.####.#
########### #<#
#.# #.....g....
### #.#
#.######### #.#
#g# #.##########
#.# #.##g...g..#
#.# #.##.#####.#
#.#
#.##g#####.###.#
#.##..g@.g.....#
#.######.....#.#
##.########.#.###
#...........#.#
###########.#.#
#.#.# #...# #.#.#
#####


You could see 3 gnolls.

Vanquished Creatures
  An ooze (D:1)
  2 dart slugs
  A leopard gecko (D:1)
  2 giant cockroaches (D:1)
  2 hobgoblins (D:1)
  A bat (D:2)
  A frilled lizard (D:1)
  2 kobolds (D:1)
12 creatures vanquished.

Notes
Turn   | Place    | Note
-------+----------+-------------------------------------------
     0 | D:1      | Arixos the Vine Stalker Skald began the quest for the Orb.
     0 | D:1      | Reached XP level 1. HP: 11/11 MP: 4/4
   648 | D:1      | Reached XP level 2. HP: 15/15 MP: 6/6
   652 | D:1      | Learned a level 2 spell: Shroud of Golubria
  1075 | D:1      | Reached skill level 1 in Armour
  1565 | D:2      | Slain by a gnoll

Skill      XL: |  1  2 |
---------------+-------+-----
Fighting       | 2 |  2.0
Armour         | 1 |  1.0
Long Blades    | |  1.9
Dodging        | |  1.8
Stealth        | |  0.7
Spellcasting   | |  2.3
Charms         | |  3.1
Translocations | |  0.2

Action                   || total
-------------------------++-------
Melee: Falchion          ||    55
       Bite              ||    15
 Cast: Shroud of Golubri ||     3
  Eat: Chunk             ||     2
Armor: Leather armour    ||    11
Dodge: Dodged            ||    32
       Rpst.: Falchion   ||     5
